TOP OF THE 1ST |
Baylor Bears batting - Pitching for Saint John's Red Storm : LHP Russell Giles
|
Pitching: LHP Russell Giles
|
|
Batting: RHB Reed Allen
|
0-0: Ball 1-0: Fly out, F6 (Popup, 6M)
|
Batting: RHB Richard Jeffries
|
0-0: Swinging Strike 0-1: Ball 1-1: Ball 2-1: Ball 3-1: Called Strike 3-2: Base on Balls
|
Batting: RHB Gerald Taylor
|
0-0: Ball 1-0: Called Strike 1-1: Ball Wild Pitch! Richard Jeffries to second 2-1: DOUBLE (Line Drive, 89D) Richard Jeffries scores
|
Batting: LHB Sergio García
|
0-0: Ball 1-0: Called Strike 1-1: Foul Ball, location: 2F 1-2: Foul Ball, location: 2F 1-2: Foul Ball, location: 2F 1-2: Ball 2-2: Ball 3-2: Strikes out swinging
|
Batting: LHB Alan Jones
|
0-0: Called Strike 0-1: Ball 1-1: Foul Ball, location: 2F 1-2: Foul Ball, location: 2F 1-2: Strikes out swinging
|
Top of the 1st over - 1 run, 1 hit, 0 errors, 1 left on base; Baylor 1 - Saint John's 0 |
BOTTOM OF THE 1ST |
Saint John's Red Storm batting - Pitching for Baylor Bears : RHP John Dukes
|
Pitching: RHP John Dukes
|
|
Batting: RHB Thomas Barnes
|
0-0: Ball 1-0: Ball 2-0: Called Strike 2-1: Called Strike 2-2: Ball 3-2: Foul Ball, location: 2F 3-2: Fly out, F7 (Flyball, 78M)
|
Batting: RHB Tristan Vincent
|
0-0: Ball 1-0: Foul Ball, location: 2F 1-1: Ground out 6-3 (Groundball, 6)
|
Batting: LHB Roger Faulkner
|
0-0: Foul Ball, location: 2F 0-1: Fly out, F9 (Flyball, 9S)
|
Bottom of the 1st over - 0 runs, 0 hits, 0 errors, 0 left on base; Baylor 1 - Saint John's 0 |
TOP OF THE 2ND |
Baylor Bears batting - Pitching for Saint John's Red Storm : LHP Russell Giles
|
Batting: RHB Bryan Clifton
|
0-0: Ball 1-0: Swinging Strike 1-1: Foul Ball, location: 2F 1-2: Strikes out looking
|
Batting: RHB Santiago Hernández
|
0-0: DOUBLE (Line Drive, 9LM)
|
Batting: RHB Denny Dennis
|
0-0: Foul Ball, location: 2F 0-1: Ball 1-1: Ball 2-1: Ground out 6-3 (Groundball, 6) Santiago Hernández to third
|
Batting: RHB Steve Ramírez
|
0-0: Ball 1-0: Foul Ball, location: 2F 1-1: Swinging Strike 1-2: Strikes out swinging
|
Top of the 2nd over - 0 runs, 1 hit, 0 errors, 1 left on base; Baylor 1 - Saint John's 0 |
BOTTOM OF THE 2ND |
Saint John's Red Storm batting - Pitching for Baylor Bears : RHP John Dukes
|
Batting: RHB Russ Long
|
0-0: Swinging Strike 0-1: Ball 1-1: Ball 2-1: Foul Ball, location: 2F 2-2: Ball 3-2: Strikes out swinging
|
Batting: SHB Keith Frazier
|
0-0: Foul Ball, location: 2F 0-1: Ball 1-1: Swinging Strike 1-2: Ball 2-2: Strikes out swinging
|
Batting: RHB Herman Sydney
|
0-0: Called Strike 0-1: Ball 1-1: Swinging Strike 1-2: Ball 2-2: DOUBLE (Line Drive, 7LM)
|
Batting: RHB Peter Williams
|
0-0: Fly out, F8 (Flyball, 89M)
|
Bottom of the 2nd over - 0 runs, 1 hit, 0 errors, 1 left on base; Baylor 1 - Saint John's 0 |
TOP OF THE 3RD |
Baylor Bears batting - Pitching for Saint John's Red Storm : LHP Russell Giles
|
Batting: RHB Reed Allen
|
0-0: Ball 1-0: Called Strike 1-1: SINGLE (Line Drive, 7S)
|
Batting: RHB Richard Jeffries
|
0-0: Ball Reed Allen steals 2nd base 1-0: Bunted foul 1-1: Bunt - Flyout! F5
|
Batting: RHB Gerald Taylor
|
0-0: Ball 1-0: Ball 2-0: Ball 3-0: Called Strike 3-1: Base on Balls
|
Batting: LHB Sergio García
|
0-0: Ball 1-0: Called Strike 1-1: Foul Ball, location: 2F 1-2: Ball 2-2: Foul Ball, location: 2F 2-2: Ball 3-2: Fly out, F4 (Flyball, 6MD)
|
Batting: LHB Alan Jones
|
0-0: Ball 1-0: Swinging Strike 1-1: Ball 2-1: Foul Ball, location: 2F 2-2: Strikes out looking
|
Top of the 3rd over - 0 runs, 1 hit, 0 errors, 2 left on base; Baylor 1 - Saint John's 0 |
BOTTOM OF THE 3RD |
Saint John's Red Storm batting - Pitching for Baylor Bears : RHP John Dukes
|
Batting: LHB Jack Rigney
|
0-0: Called Strike 0-1: Ball 1-1: Called Strike 1-2: Ball 2-2: Strikes out looking
|
Batting: RHB Jarrod Campbell
|
0-0: Ball 1-0: Swinging Strike 1-1: Ground out 3-1 (Groundball, 34)
|
Batting: RHB Thomas Barnes
|
0-0: Called Strike 0-1: SINGLE (Groundball, 56D)
|
Batting: RHB Tristan Vincent
|
0-0: SINGLE (Line Drive, 56) Thomas Barnes to second
|
Batting: LHB Roger Faulkner
|
0-0: Fly out, F8 (Flyball, 8RD)
|
Bottom of the 3rd over - 0 runs, 2 hits, 0 errors, 2 left on base; Baylor 1 - Saint John's 0 |
TOP OF THE 4TH |
Baylor Bears batting - Pitching for Saint John's Red Storm : LHP Russell Giles
|
Batting: RHB Bryan Clifton
|
0-0: Called Strike 0-1: Ball 1-1: Ground out 5-3 (Groundball, 5)
|
Batting: RHB Santiago Hernández
|
0-0: Ball 1-0: Ball 2-0: Foul Ball, location: 2F 2-1: SINGLE (Groundball, 6MD)
|
Batting: RHB Denny Dennis
|
0-0: Foul Ball, location: 2F 0-1: Foul Ball, location: 2F 0-2: Ball 1-2: Ball Santiago Hernández is caught stealing 2nd base 2-2: Foul Ball, location: 2F 2-2: Ball 3-2: Ground out 4-3 (Groundball, 4)
|
Top of the 4th over - 0 runs, 1 hit, 0 errors, 0 left on base; Baylor 1 - Saint John's 0 |
BOTTOM OF THE 4TH |
Saint John's Red Storm batting - Pitching for Baylor Bears : RHP John Dukes
|
Batting: RHB Russ Long
|
0-0: Foul Ball, location: 2F 0-1: Ball 1-1: Called Strike 1-2: Foul Ball, location: 2F 1-2: Fly out, F3 (Line Drive, 34)
|
Batting: SHB Keith Frazier
|
0-0: Ball 1-0: Foul Ball, location: 2F 1-1: Fly out, F7 (Flyball, 7)
|
Batting: RHB Herman Sydney
|
0-0: Foul Ball, location: 2F 0-1: Foul Ball, location: 2F 0-2: Ball 1-2: Foul Ball, location: 2F 1-2: Foul Ball, location: 2F 1-2: Fly out, F7 (Flyball, 7LM)
|
Bottom of the 4th over - 0 runs, 0 hits, 0 errors, 0 left on base; Baylor 1 - Saint John's 0 |
TOP OF THE 5TH |
Baylor Bears batting - Pitching for Saint John's Red Storm : LHP Russell Giles
|
Batting: RHB Steve Ramírez
|
0-0: Ball 1-0: Foul Ball, location: 2F 1-1: Ball 2-1: Foul Ball, location: 2F 2-2: Ground out 5-3 (Groundball, 56)
|
Pitching: RHP Iván Noya
|
|
Batting: RHB Reed Allen
|
0-0: Ground out 6-3 (Groundball, 6MS)
|
Batting: RHB Richard Jeffries
|
0-0: Called Strike 0-1: Ball 1-1: Swinging Strike 1-2: Ball 2-2: Foul Ball, location: 2F 2-2: Ball 3-2: Foul Ball, location: 2F 3-2: Strikes out swinging
|
Top of the 5th over - 0 runs, 0 hits, 0 errors, 0 left on base; Baylor 1 - Saint John's 0 |
BOTTOM OF THE 5TH |
Saint John's Red Storm batting - Pitching for Baylor Bears : RHP John Dukes
|
Batting: RHB Peter Williams
|
0-0: Foul Ball, location: 2F 0-1: Called Strike 0-2: Ball 1-2: SINGLE (Line Drive, 4MD)
|
Batting: LHB Jack Rigney
|
0-0: Ground out 4-3 (Groundball, 34) Peter Williams to second
|
Batting: RHB Jarrod Campbell
|
0-0: Called Strike 0-1: Ball Peter Williams steals 3rd base 1-1: Foul Ball, location: 2F 1-2: Foul Ball, location: 2F 1-2: Strikes out swinging
|
Batting: RHB Thomas Barnes
|
0-0: Ball 1-0: Ball 2-0: Called Strike 2-1: Ball 3-1: Base on Balls
|
Batting: RHB Tristan Vincent
|
0-0: Ball 1-0: Ground out 4-3 (Groundball, 4S)
|
Bottom of the 5th over - 0 runs, 1 hit, 0 errors, 2 left on base; Baylor 1 - Saint John's 0 |
TOP OF THE 6TH |
Baylor Bears batting - Pitching for Saint John's Red Storm : RHP Iván Noya
|
Batting: RHB Gerald Taylor
|
0-0: Called Strike 0-1: Swinging Strike 0-2: Ball 1-2: Ground out 6-3 (Groundball, 6)
|
Batting: LHB Sergio García
|
0-0: Called Strike 0-1: Ball 1-1: Called Strike 1-2: Strikes out swinging
|
Batting: LHB Alan Jones
|
0-0: Ball 1-0: Ball 2-0: Called Strike 2-1: Swinging Strike 2-2: Strikes out swinging
|
Top of the 6th over - 0 runs, 0 hits, 0 errors, 0 left on base; Baylor 1 - Saint John's 0 |
BOTTOM OF THE 6TH |
Saint John's Red Storm batting - Pitching for Baylor Bears : RHP John Dukes
|
Batting: LHB Roger Faulkner
|
0-0: Called Strike 0-1: Swinging Strike 0-2: Strikes out looking
|
Batting: RHB Russ Long
|
0-0: Ball 1-0: Ball 2-0: Swinging Strike 2-1: Ground out 4-3 (Groundball, 4)
|
Batting: SHB Keith Frazier
|
0-0: Called Strike 0-1: Ball 1-1: Swinging Strike 1-2: Ground out U3 (Groundball, 34)
|
Bottom of the 6th over - 0 runs, 0 hits, 0 errors, 0 left on base; Baylor 1 - Saint John's 0 |
TOP OF THE 7TH |
Baylor Bears batting - Pitching for Saint John's Red Storm : RHP Iván Noya
|
Batting: RHB Bryan Clifton
|
0-0: Hit by Pitch
|
Batting: RHB Santiago Hernández
|
0-0: Foul Ball, location: 2F 0-1: SINGLE (Line Drive, 4) Bryan Clifton to second
|
Batting: RHB Denny Dennis
|
0-0: Called Strike 0-1: Swinging Strike 0-2: Strikes out swinging
|
Batting: RHB Steve Ramírez
|
0-0: Ball 1-0: Foul Ball, location: 2F 1-1: Ground out 5-3 (Groundball, 2L) Bryan Clifton to third Santiago Hernández to second
|
Batting: RHB Reed Allen
|
0-0: Swinging Strike 0-1: Ball 1-1: Ball 2-1: Ball 3-1: Called Strike 3-2: Base on Balls
|
Batting: RHB Richard Jeffries
|
0-0: Swinging Strike 0-1: Called Strike 0-2: Strikes out swinging
|
Top of the 7th over - 0 runs, 1 hit, 0 errors, 3 left on base; Baylor 1 - Saint John's 0 |
BOTTOM OF THE 7TH |
Saint John's Red Storm batting - Pitching for Baylor Bears : RHP John Dukes
|
Batting: RHB Herman Sydney
|
0-0: Ball 1-0: Called Strike 1-1: Called Strike 1-2: Fly out, F8 (Flyball, 8RM)
|
Batting: RHB Peter Williams
|
0-0: Ball 1-0: SINGLE (Groundball, 6MD)
|
Batting: LHB Jack Rigney
|
0-0: Ball 1-0: Ball 2-0: Ball 3-0: Base on Balls Peter Williams to second
|
Batting: RHB Jarrod Campbell
|
0-0: Ball 1-0: Ball 2-0: Ball 3-0: Called Strike 3-1: Base on Balls Peter Williams to third Jack Rigney to second
|
Batting: RHB Thomas Barnes
|
0-0: SINGLE (Line Drive, 56D) Peter Williams scores Jack Rigney to third Jarrod Campbell to second
|
Batting: RHB Tristan Vincent
|
0-0: Ball 1-0: Swinging Strike 1-1: Foul Ball, location: 2F 1-2: Foul Ball, location: 2F 1-2: Strikes out looking
|
Batting: LHB Roger Faulkner
|
0-0: Called Strike 0-1: Foul Ball, location: 2F 0-2: Ball 1-2: Foul Ball, location: 2F 1-2: Strikes out swinging
|
Bottom of the 7th over - 1 run, 2 hits, 0 errors, 3 left on base; Baylor 1 - Saint John's 1 |
TOP OF THE 8TH |
Baylor Bears batting - Pitching for Saint John's Red Storm : RHP Iván Noya
|
Batting: RHB Gerald Taylor
|
0-0: Ball 1-0: DOUBLE (Flyball, 8RXD)
|
Batting: LHB Sergio García
|
0-0: Intentional Walk
|
Pinch Runner at 2nd Jeff Erwin:
|
|
Batting: LHB Alan Jones
|
0-0: Ball Jeff Erwin is caught stealing 3rd base 1-0: Ball 2-0: Ball 3-0: Base on Balls Sergio García to second
|
Batting: RHB Bryan Clifton
|
0-0: Ball 1-0: Ball 2-0: Sac Bunt - play at first, batter OUT! 3-4 Sergio García to third Alan Jones to second
|
Batting: RHB Santiago Hernández
|
0-0: Called Strike 0-1: Ball 1-1: Foul Ball, location: 2F 1-2: SINGLE (Line Drive, 7S) Sergio García scores Alan Jones to third
|
Batting: RHB Denny Dennis
|
0-0: Ball 1-0: Ball 2-0: Foul Ball, location: 2F 2-1: Ball 3-1: Base on Balls Santiago Hernández to second
|
Batting: RHB Steve Ramírez
|
0-0: Called Strike 0-1: Ball 1-1: Foul Ball, location: 2F 1-2: Foul Ball, location: 2F 1-2: Strikes out swinging
|
Top of the 8th over - 1 run, 2 hits, 0 errors, 3 left on base; Baylor 2 - Saint John's 1 |
BOTTOM OF THE 8TH |
Saint John's Red Storm batting - Pitching for Baylor Bears : RHP John Dukes
|
Now at 2B: Jeff Erwin
|
|
Now in LF: Alfonso Segura
|
|
Batting: RHB Russ Long
|
0-0: Ball 1-0: Ball 2-0: Ball 3-0: Base on Balls
|
Pinch Hitting: RHB Todd McDaniel
|
0-0: Ball 1-0: Called Strike 1-1: SINGLE (Groundball, 4D) Russ Long to second Runner from 2nd tries for 3rd, SAFE, no throw
|
Pinch Hitting: RHB Mike McCray
|
0-0: Ball 1-0: Ball 2-0: Foul Ball, location: 2F 2-1: Foul Ball, location: 2F 2-2: Ball 3-2: Base on Balls Todd McDaniel to second
|
Pinch Hitting: LHB Willis Britton
|
0-0: Ball 1-0: Ball 2-0: Called Strike 2-1: Grounds into double play, 6-2-3 (Groundball, 6) Todd McDaniel to third Mike McCray to second
|
Batting: LHB Jack Rigney
|
0-0: Ball 1-0: Called Strike 1-1: SINGLE (Groundball, 6MD) Todd McDaniel scores Mike McCray to third Runner from 3rd tries for Home, SAFE, throw made home
|
Batting: RHB Jarrod Campbell
|
0-0: Ball Jack Rigney is caught stealing 2nd base
|
Bottom of the 8th over - 2 runs, 2 hits, 0 errors, 0 left on base; Baylor 2 - Saint John's 3 |
TOP OF THE 9TH |
Baylor Bears batting - Pitching for Saint John's Red Storm : RHP Iván Noya
|
Now at SS: Willis Britton
|
|
Now in LF: Jack Bishop
|
|
Now in RF: Mike McCray
|
|
Batting: RHB Reed Allen
|
0-0: Ball 1-0: Ball 2-0: Ball 3-0: Called Strike 3-1: Called Strike 3-2: Foul Ball, location: 2F 3-2: Fly out, F1 (Line Drive, 13)
|
Pitching: RHP Trey Sims
|
|
Batting: RHB Richard Jeffries
|
0-0: Foul Ball, location: 2F 0-1: Swinging Strike 0-2: Ball 1-2: Ball 2-2: Ball 3-2: Base on Balls
|
Pinch Hitting: RHB Doug Carter
|
0-0: Ball 1-0: Called Strike 1-1: Foul Ball, location: 2F 1-2: Strikes out swinging
|
Batting: LHB Sergio García
|
0-0: Ball 1-0: Ground out 4-3 (Groundball, 4)
|
Top of the 9th over - 0 runs, 0 hits, 0 errors, 1 left on base; Baylor 2 - Saint John's 3 |
|